[Event "*** Titled Tuesday Blitz"]
[Site "Chess.com"]
[Date "2020.11.10"]
[Round "1"]
[White "ftorodent"]
[Black "Bastiandash"]
[Result "1-0"]
[WhiteElo "2697"]
[BlackElo "2350"]
[TimeControl "180+1"]
[EndTime "10:01:58 PST"]
[Termination "ftorodent won by resignation"]

1. d4 Nf6 2. c4 e6 3. Nf3 Bb4+ 4. Bd2 a5 5. Nc3 O-O 6. e3 b6 7. Bd3 Bb7 8. O-O Bxc3 9. Bxc3 Ne4 10. Be1 d6 11.
Qc2 f5 12. Nd2 Qh4 13. f3 1-0

[Event "*** Titled Tuesday Blitz"]
[Site "Chess.com"]
[Date "2020.11.10"]
[Round "1"]
[White "Ze-Pequeno"]
[Black "AliKa2810"]
[Result "0-1"]
[WhiteElo "2240"]
[BlackElo "2568"]
[TimeControl "180+1"]
[EndTime "10:01:58 PST"]
[Termination "AliKa2810 won by resignation"]

1. e4 c6 2. d4 d5 3. Nc3 dxe4 4.
Nxe4 Nd7 5. Bd3 Ngf6 6. Ng5 e6 7.
N1f3 Be7 8. Qe2 h6 9. Nxe6 fxe6 10. Bg6+ Kf8 11. Qxe6 Qa5+ 12. Bd2 Qd5 13. Qxd5 0-1

[Event "*** Titled Tuesday Blitz"]
[Site "Chess.com"]
[Date "2020.11.10"]
[Round "1"]
[White "IrishMonkey"]
[Black "Msb2"]
[Result "0-1"]
[WhiteElo "2452"]
[BlackElo "2905"]
[TimeControl "180+1"]
[EndTime "10:02:17 PST"]
[Termination "Msb2 won by resignation"]

1. d4 Nf6 2. c4 e6 3. g3 Bb4+ 4. Bd2 a5 5. Bg2 d5 6. Nf3 O-O 7.
a3 Be7 8. Qc2 c6 9. O-O Nbd7 10.
b3 b6 11. Be3 Ba6 12. Bf4 Rc8 13. Rd1 a4 14. bxa4 Bxc4 15. e3 Ne4 16. Nfd2 Nxd2 17.
Nxd2 Ba6 18. Nf3 g5 19. Be5 f6 20. Bh3 fxe5 0-1

[Event "*** Titled Tuesday Blitz"]
[Site "Chess.com"]
[Date "2020.11.10"]
[Round "1"]
[White "vladimirssvesnikovs"]
[Black "Lion-Al-Messi"]
[Result "0-1"]
[WhiteElo "2217"]
[BlackElo "2558"]
[TimeControl "180+1"]
[EndTime "10:02:17 PST"]
[Termination "Lion-Al-Messi won by resignation"]

1. e4 e6 2. d4 d5 3. exd5 exd5 4. Bd3 Nc6 5. c3 Bd6 6. Ne2 Qf6 7. Ng3 Nge7 8. O-O h5 9. Re1 Bg4 10. Qc2 O-O-O 11. Nd2 h4 12. Nf5 Bxf5 0-1

[Event "*** Titled Tuesday Blitz"]
[Site "Chess.com"]
[Date "2020.11.10"]
[Round "1"]
[White "MrChampion_Coach"]
[Black "Boudicca64"]
[Result "1-0"]
[WhiteElo "2484"]
[BlackElo "1824"]
[TimeControl "180+1"]
[EndTime "10:02:23 PST"]
[Termination "MrChampion_Coach won by resignation"]

1. e4 c5 2. Nf3 e6 3. c3 d5 4.
e5 Nc6 5. d4 cxd4 6. cxd4 Nge7 7.
Na3 Nf5 8. Nc2 Be7 9. Bd3 O-O 10. h4 Qb6 11. g4 Bb4+ 12. Nxb4 Qxb4+ 13. Bd2 Nfxd4 14. Bxb4 1-0

[Event "*** Titled Tuesday Blitz"]
[Site "Chess.com"]
[Date "2020.11.10"]
[Round "1"]
[White "Warre"]
[Black "Ariadna_Atreides"]
[Result "0-1"]
[WhiteElo "2495"]
[BlackElo "2101"]
[TimeControl "180+1"]
[EndTime "10:02:24 PST"]
[Termination "Ariadna_Atreides won by resignation"]

1. d4 Nf6 2. Nc3 d5 3. Bf4 c5 4. e3 Nc6 5. Nb5 Qa5+ 6. b4 Nxb4 7. c3 Na6 8. Bd3 c4 9. a4 cxd3 10. Qxd3 Bd7 0-1

[Event "*** Titled Tuesday Blitz"]
[Site "Chess.com"]
[Date "2020.11.10"]
[Round "1"]
[White "LawrenceTrent"]
[Black "pedro_nascimento85"]
[Result "1-0"]
[WhiteElo "2497"]
[BlackElo "1990"]
[TimeControl "180+1"]
[EndTime "10:02:32 PST"]
[Termination "LawrenceTrent won by resignation"]

1. e4 e6 2. d4 d5 3. Nd2 c5 4.
Ngf3 Nc6 5. exd5 Qxd5 6. Bc4 Qd8 7. dxc5 Bxc5 8. O-O Nf6 9. c3 O-O 10. Qe2 a6 11.
Rd1 Qc7 12. Bd3 b5 13. Ne4 Be7 14. Bg5 Bb7 15. Nxf6+ Bxf6 16. Qe4 1-0

[Event "*** Titled Tuesday Blitz"]
[Site "Chess.com"]
[Date "2020.11.10"]
[Round "1"]
[White "GameOverBro"]
[Black "TheKingDoctor"]
[Result "1-0"]
[WhiteElo "2520"]
[BlackElo "2117"]
[TimeControl "180+1"]
[EndTime "10:02:33 PST"]
[Termination "GameOverBro won by resignation"]

1. e4 e5 2. Nf3 Nc6 3. Bb5 a6 4. Ba4 Nf6 5. d4 Nxe4 6. O-O d5 7. Nxe5 Bd7 8. Nxf7 Kxf7 9. Qh5+ Ke6 10. Nc3 Be8 11. Qg4+ Kf7 12. Nxe4 dxe4 13. Bb3+ Ke7 14. Bg5+ 1-0

[Event "*** Titled Tuesday Blitz"]
[Site "Chess.com"]
[Date "2020.11.10"]
[Round "1"]
[White "amiralfio"]
[Black "Kristina_Kim"]
[Result "1-0"]
[WhiteElo "2547"]
[BlackElo "2194"]
[TimeControl "180+1"]
[EndTime "10:02:57 PST"]
[Termination "amiralfio won by resignation"]

1. e4 c5 2. Nf3 g6 3. d4 cxd4 4. Nxd4 Bg7 5. c4 Nc6 6. Nc2 e6 7. Be2 Nge7 8. O-O O-O 9. Nc3 b6 10. Be3 Bb7 11. Qd2 f5 12. f3 d5 13. exd5 exd5 14. cxd5 Nb4 15. Nxb4 1-0

[Event "*** Titled Tuesday Blitz"]
[Site "Chess.com"]
[Date "2020.11.10"]
[Round "1"]
[White "Chamal_Gedgafov"]
[Black "Crazy_girl99"]
[Result "0-1"]
[WhiteElo "2150"]
[BlackElo "2530"]
[TimeControl "180+1"]
[EndTime "10:03:01 PST"]
[Termination "Crazy_girl99 won by resignation"]

1. d4 e6 2. c4 b6 3. Nc3 Bb4 4. e4 Bb7 5. d5 Qe7 6. Be2 Na6 7. Nf3 Nc5 8. Nd2 f5 9. Qc2 fxe4 10. Ncxe4 Nxe4 11. Qxe4 Nf6 12. Qd3 exd5 13. cxd5 Nxd5 14. a3 Nf4 15.
Qe3 Nxg2+ 0-1

[Event "*** Titled Tuesday Blitz"]
[Site "Chess.com"]
[Date "2020.11.10"]
[Round "1"]
[White "samidescalona2002"]
[Black "SlavenPastar"]
[Result "0-1"]
[WhiteElo "2163"]
[BlackElo "2536"]
[TimeControl "180+1"]
[EndTime "10:03:07 PST"]
[Termination "SlavenPastar won by checkmate"]

1. d4 b6 2. Bf4 Bb7 3. e3 Nf6 4. h3 e6 5. Nf3 Be7 6. Nbd2 O-O 7. Bd3 c5 8. c3 d6 9. O-O Re8 10. Qc2 Nbd7 11. Rfe1 Nf8 12. a4 Ng6 13. Bh2 Bf8 14. a5 bxa5 15. Qa4 e5 16. Bb5 e4 17. Bxe8 Qxe8 18. Qxa5 exf3 19. gxf3 Qc8 20. Kg2 Nh4+ 21. Kg3 Nh5+ 22. Kxh4 Be7+ 23. Kxh5 Qf5# 0-1

[Event "*** Titled Tuesday Blitz"]
[Site "Chess.com"]
[Date "2020.11.10"]
[Round "1"]
[White "MPGM"]
[Black "Hikaru"]
[Result "0-1"]
[WhiteElo "2473"]
[BlackElo "3212"]
[TimeControl "180+1"]
[EndTime "10:03:15 PST"]
[Termination "Hikaru won by resignation"]

1. d4 g6 2. c4 Bg7 3. e4 Nc6 4. Be3 d6 5. Nc3 e5 6. d5 Nce7 7. c5 f5 8. Bb5+ Kf7 9. Nf3 h6 10. cxd6 cxd6 11. Qc2 Nf6 12. O-O-O a6 13. Bd3 b5 14.
Kb1 b4 15. Na4 fxe4 0-1

[Event "*** Titled Tuesday Blitz"]
[Site "Chess.com"]
[Date "2020.11.10"]
[Round "1"]
[White "albano87"]
[Black "zaur-mammadov"]
[Result "0-1"]
[WhiteElo "2313"]
[BlackElo "2635"]
[TimeControl "180+1"]
[EndTime "10:03:15 PST"]
[Termination "zaur-mammadov won by resignation"]

1. d4 d5 2. Nf3 Nf6 3. g3 c5 4. Bg2 Nc6 5. c4 dxc4 6. Qa4 Be6 7. O-O Bd5 8. Nc3 e6 9. Bg5 Be7 10. Bxf6 Bxf6 11. e4 cxd4 12. exd5 exd5 13. Rfe1+ Kf8 14. Ne2 g6 15. Rad1 d3 16. Nc3 Kg7 17. Nd2 Bxc3 18.
bxc3 a6 19. Nf3 Qd6 20. Nd4 b5 21. Nxb5 axb5 22. Qxb5 Rhd8 0-1

[Event "*** Titled Tuesday Blitz"]
[Site "Chess.com"]
[Date "2020.11.10"]
[Round "1"]
[White "Deepweb2020"]
[Black "valeriocarnicelli"]
[Result "0-1"]
[WhiteElo "2244"]
[BlackElo "2569"]
[TimeControl "180+1"]
[EndTime "10:03:18 PST"]
[Termination "valeriocarnicelli won by resignation"]

1. d4 Nf6 2. c4 c5 3. d5 b5 4.
cxb5 a6 5. Nc3 axb5 6. Nxb5 Ba6 7. Nc3 g6 8. g3 d6 9. Bg2 Bg7 10. e4 O-O 11. Nge2 Qa5 12. O-O Nbd7 13. Bd2 Rfb8 14. Qc1 Ne8 15. Re1 Ne5 16. Qc2 Bd3 17. Qc1 Nc4 18.
b3 Nxd2 19. Qxd2 Bxe2 0-1

[Event "*** Titled Tuesday Blitz"]
[Site "Chess.com"]
[Date "2020.11.10"]
[Round "1"]
[White "plumalka"]
[Black "LyonBeast"]
[Result "0-1"]
[WhiteElo "2471"]
[BlackElo "3071"]
[TimeControl "180+1"]
[EndTime "10:03:29 PST"]
[Termination "LyonBeast won by resignation"]

1. e4 c6 2. d4 d5 3. Nc3 dxe4 4. Nxe4 Nf6 5. Nxf6+ exf6 6. Nf3 Bd6 7. Bd3 O-O 8. Be3 Bg4 9. h3 Bh5 10. g4 Bg6 11.
Qd2 Nd7 12. O-O-O b5 13. h4 Nb6 14. h5 Bxd3 15. Qxd3 Nd5 16. c3 Re8 17. h6 g6 18.
g5 Bf4 19. Rhe1 fxg5 20. Ne5 Nxe3 21. Nxc6 Nxd1+ 22. Kc2 Qd6 0-1

[Event "*** Titled Tuesday Blitz"]
[Site "Chess.com"]
[Date "2020.11.10"]
[Round "1"]
[White "ViktoriyaTarasova"]
[Black "tvjosue"]
[Result "0-1"]
[WhiteElo "2247"]
[BlackElo "2572"]
[TimeControl "180+1"]
[EndTime "10:03:29 PST"]
[Termination "tvjosue won by resignation"]

1. d4 Nf6 2. c4 e6 3. Nc3 Bb4 4. Qc2 c5 5. dxc5 Na6 6. a3 Bxc3+ 7.
Qxc3 Nxc5 8. b4 Nce4 9. Qb3 d5 10.
c5 Nxf2 11. Kxf2 Ne4+ 12. Ke3 Qg5+ 13. Kd3 Qf5 14. g4 Nxc5+ 0-1

[Event "*** Titled Tuesday Blitz"]
[Site "Chess.com"]
[Date "2020.11.10"]
[Round "1"]
[White "Makswolf200817"]
[Black "kuban1991"]
[Result "0-1"]
[WhiteElo "2448"]
[BlackElo "2887"]
[TimeControl "180+1"]
[EndTime "10:03:30 PST"]
[Termination "kuban1991 won by resignation"]

1. d4 g6 2. Nf3 Bg7 3. c4 c5 4. Nc3 cxd4 5. Nxd4 Nc6 6. Nc2 Bxc3+ 7.
bxc3 Qa5 8. Bd2 Nf6 9. g3 d6 10. Bg2 Be6 11. Ne3 Rc8 12. Rb1 b6 13. Qb3 O-O 14.
O-O Ne5 15. Nd5 Bxd5 16. cxd5 Nc4 17. Bh6 Rfe8 18. Rfc1 Nxd5 19. Qd1 Nxc3 20. Qd3 Ne5 0-1

[Event "*** Titled Tuesday Blitz"]
[Site "Chess.com"]
[Date "2020.11.10"]
[Round "1"]
[White "GalperinPlaton"]
[Black "Pliukha_Mikhail"]
[Result "0-1"]
[WhiteElo "2879"]
[BlackElo "2481"]
[TimeControl "180+1"]
[EndTime "10:03:42 PST"]
[Termination "Pliukha_Mikhail won by resignation"]

1. d4 Nf6 2. Nf3 b6 3. e3 e6 4.
Bd3 Bb7 5. O-O Be7 6. Nbd2 c5 7.
e4 cxd4 8. e5 Nd5 9. Nxd4 Nc6 10.
Nxc6 dxc6 11. Qg4 Qc7 12. Qxg7 O-O-O 13. Qxf7 Kb8 14. Qxe6 Nf4 15. Qg4 Nxd3 16. cxd3 Rhg8 17. Qe2 c5 18. Nf3 Qc6 19. Qe4 Qe6 20. Qe3 Rxg2+ 21. Kh1 Qh3 22. e6 Rxh2+ 0-1

[Event "*** Titled Tuesday Blitz"]
[Site "Chess.com"]
[Date "2020.11.10"]
[Round "1"]
[White "Brave_spirit12"]
[Black "mamonika"]
[Result "1-0"]
[WhiteElo "2500"]
[BlackElo "2002"]
[TimeControl "180+1"]
[EndTime "10:03:42 PST"]
[Termination "Brave_spirit12 won by resignation"]

1. e4 c5 2. c3 d5 3. exd5 Qxd5 4. Nf3 Nc6 5. Be2 Nf6 6. d4 cxd4 7. cxd4 e5 8. O-O exd4 9. Re1 Be7 10. Na3 O-O 11.
Nb5 Qd6 12. Nxd6 Bxd6 13. Nxd4 Rd8 14. Nxc6 bxc6 15. Bg5 Be6 16. Bxf6 gxf6 17. Bf3 Rab8 18. Qc2 Rb6 19. Rad1 Kf8 20. Qxh7 Ke7 21. Bg4 Bb4 22. Rxe6+ 1-0

[Event "*** Titled Tuesday Blitz"]
[Site "Chess.com"]
[Date "2020.11.10"]
[Round "1"]
[White "Xeniya2005"]
[Black "BocharovD"]
[Result "0-1"]
[WhiteElo "2395"]
[BlackElo "2754"]
[TimeControl "180+1"]
[EndTime "10:03:45 PST"]
[Termination "BocharovD won by resignation"]

1. e4 c5 2. Nf3 e6 3. Nc3 a6 4.
a4 Nc6 5. Be2 g5 6. d3 h6 7. Be3 d6 8. h3 Bg7 9. Qd2 Nd4 10. a5 Bd7 11. Nd1 Ne7 12. Ra3 d5 13. c3 Nxf3+ 14. Bxf3 d4 15. Bxg5 hxg5 16. Qxg5 Ng6 17.
Qxc5 Rc8 18. Qb4 Bf8 0-1

[Event "*** Titled Tuesday Blitz"]
[Site "Chess.com"]
[Date "2020.11.10"]
[Round "1"]
[White "Anaj14"]
[Black "CHESSMASTER759"]
[Result "0-1"]
[WhiteElo "2332"]
[BlackElo "2651"]
[TimeControl "180+1"]
[EndTime "10:03:51 PST"]
[Termination "CHESSMASTER759 won by resignation"]

1. Nf3 d6 2. g3 Nf6 3. Bg2 g6 4.
O-O Bg7 5. d3 O-O 6. e4 c5 7.
Re1 Nc6 8. Nc3 Rb8 9. Ne2 b5 10. a3 a5 11. a4 b4 12. Rb1 Ba6 13. b3 Nd7 14. Bb2 Bxb2 15. Rxb2 e5 16. Nd2 Nd4 17. Nc4 Bxc4 18. dxc4 h5 19. h4 Kg7 20. Rb1 Qe7 21.
Nc1 Rh8 22. Nd3 g5 23. hxg5 Qxg5 24. Qc1 Qg6 25. Kf1 h4 26. gxh4 Rxh4 27. f3 Qg3 28. Re3 Rbh8 29. Qd2 Rh1+ 0-1

[Event "*** Titled Tuesday Blitz"]
[Site "Chess.com"]
[Date "2020.11.10"]
[Round "1"]
[White "eightbyeightchess"]
[Black "Funo09"]
[Result "0-1"]
[WhiteElo "2404"]
[BlackElo "2815"]
[TimeControl "180+1"]
[EndTime "10:03:57 PST"]
[Termination "Funo09 won by resignation"]

1. e4 c5 2. Nf3 d6 3. d4 cxd4 4. Qxd4 a6 5. c4 Nc6 6. Qe3 Nf6 7. h3 g6 8. Be2 Bg7 9. O-O O-O 10. Rd1 Be6 11.
e5 Nd7 12. exd6 exd6 13. Rxd6 Re8 14. Qd2 Bf8 15. Rd3 Bxc4 16. Rxd7 Rxe2 17. Rxd8 Rxd8 18. Qc3 Rd1+ 19. Kh2 Bd6+ 20. Ne5 Bxe5+ 21. Qxe5 Nxe5 0-1

[Event "*** Titled Tuesday Blitz"]
[Site "Chess.com"]
[Date "2020.11.10"]
[Round "1"]
[White "Aleksandar-Topalov"]
[Black "GM_Crest"]
[Result "0-1"]
[WhiteElo "2364"]
[BlackElo "2718"]
[TimeControl "180+1"]
[EndTime "10:03:57 PST"]
[Termination "GM_Crest won by resignation"]

1. b3 e5 2. Bb2 Nc6 3. c4 g6 4.
Nc3 Bg7 5. g3 d6 6. Bg2 f5 7. a3 Nf6 8. e3 O-O 9. Nge2 Be6 10. Nd5 Rb8 11. d4 exd4 12. Nxd4 Nxd4 13. Bxd4 c6 14. Nxf6+ Bxf6 15. O-O a5 16. a4 Qe7 17.
Qd2 Ra8 18. Rfd1 Rfd8 19. Qc3 Bxd4 20. Rxd4 Qg7 21. Qd2 c5 0-1

[Event "*** Titled Tuesday Blitz"]
[Site "Chess.com"]
[Date "2020.11.10"]
[Round "1"]
[White "talman67"]
[Black "janumber1"]
[Result "1-0"]
[WhiteElo "2527"]
[BlackElo "2138"]
[TimeControl "180+1"]
[EndTime "10:03:59 PST"]
[Termination "talman67 won by resignation"]

1. e4 c5 2. Nf3 e6 3. d4 cxd4 4. Nxd4 Nc6 5. Nc3 Qc7 6. Be3 a6 7. Qf3 Ne5 8. Qg3 Nf6 9. O-O-O b5 10. f4 Nc4 11. Bxc4 bxc4 12. e5 Nh5 13. Qf3 Rb8 14. Qxh5 Qb7 15. b3 Ba3+ 16. Kb1 cxb3 17. axb3 g6 18.
Qf3 Qc7 19. Ne4 O-O 20. Nf6+ Kg7 21. Qh3 h5 22. f5 d5 23. Nxh5+ gxh5 24. f6+ 1-0

[Event "*** Titled Tuesday Blitz"]
[Site "Chess.com"]
[Date "2020.11.10"]
[Round "1"]
[White "ShahMatKanal"]
[Black "zurzan"]
[Result "1-0"]
[WhiteElo "2504"]
[BlackElo "2039"]
[TimeControl "180+1"]
[EndTime "10:04:01 PST"]
[Termination "ShahMatKanal won by resignation"]

1. e4 Nf6 2. e5 Nd5 3. c4 Nb6 4. c5 Nd5 5. Nc3 c6 6. Nxd5 cxd5 7. d4 b6 8. cxb6 axb6 9. Nf3 Nc6 10. Bd3 d6 11.
exd6 Qxd6 12. O-O Bg4 13. h3 Bh5 14. Bb5 Bxf3 15. Qxf3 Rc8 16. Bf4 Qd7 17. Rac1 e6 18. Qc3 g5 19. Bg3 Bg7 20. Bxc6 Rxc6 21. Qxc6 Qxc6 22.
Rxc6 Bxd4 23. Rc8+ Kd7 24. Rxh8 Bxh8 25. b3 b5 26. Rc1 Ke7 27. a4 bxa4 28. bxa4 Bd4 29.
a5 f5 30. Bb8 1-0

[Event "*** Titled Tuesday Blitz"]
[Site "Chess.com"]
[Date "2020.11.10"]
[Round "1"]
[White "Tenamu"]
[Black "Gusarov91"]
[Result "0-1"]
[WhiteElo "2307"]
[BlackElo "2626"]
[TimeControl "180+1"]
[EndTime "10:04:04 PST"]
[Termination "Gusarov91 won by resignation"]

1. d4 Nf6 2. Nc3 d5 3. Bf4 c6 4. e3 Bf5 5. f3 h6 6. g4 Bh7 7.
Bd3 Bxd3 8. Qxd3 e6 9. Nge2 Bd6 10. Kf2 Na6 11. h4 Nb4 12. Qd2 a5 13. a3 Na6 14.
a4 Nb4 15. Na2 Nxa2 16. Rxa2 Qc7 17. c3 h5 18. g5 Nd7 19. g6 fxg6 20. Qd3 O-O-O 21.
Rg1 e5 22. dxe5 Nxe5 23. Bxe5 Bxe5 24. Rxg6 Bf6 25. b4 Qh2+ 26. Ke1 Qxh4+ 27. Kd2 axb4 28. Nf4 Qf2+ 29. Qe2 Bxc3+ 30. Kd3 Qxe2+ 31. Nxe2 Bf6 32. Rd2 c5 33. Rd1 c4+ 34. Kc2 b3+ 35. Kd2 h4 36. Rg2 h3 37. Rh2 g5 38. Ke1 Be5 39. f4 gxf4 40.
exf4 Bc7 41. Kf2 d4 42. Kg3 d3 43. Nc3 Rdg8+ 44. Kf3 Rf8 45. Nd5 Rh4 46. Kg3 Rhxf4 47.
Kxh3 Rf3+ 48. Kg2 Rf2+ 49. Kg1 Bxh2+ 50. Kh1 Rf1+ 51. Rxf1 Rxf1+ 52. Kxh2 b2 53. Nb6+ Kd8 54. Nxc4 b1=Q 0-1

[Event "*** Titled Tuesday Blitz"]
[Site "Chess.com"]
[Date "2020.11.10"]
[Round "1"]
[White "Semen_Khanin"]
[Black "anon481216"]
[Result "1-0"]
[WhiteElo "2780"]
[BlackElo "2399"]
[TimeControl "180+1"]
[EndTime "10:04:07 PST"]
[Termination "Semen_Khanin won by resignation"]

1. e4 c5 2. Nf3 Nf6 3. e5 Nd5 4. Nc3 Nxc3 5. dxc3 Nc6 6. Bf4 Qb6 7. b3 Qc7 8. Qd2 e6 9. Bd3 a6 10. O-O b5 11. a4 Rb8 12. axb5 axb5 13. Rfe1 h6 14. Qe2 b4 15. c4 Be7 16. h4 Bb7 17. h5 f5 18. exf6 Qxf4 19. Bg6+ Kd8 20. fxe7+ Kxe7 21. Rad1 Rbd8 22. g3 Qf6 23. Be4 Rhf8 24. Qe3 d6 25.
Nh4 Rfe8 26. Bg6 Rf8 27. Nf5+ Kd7 28. Rxd6+ Kc7 29. Rxe6 1-0

[Event "*** Titled Tuesday Blitz"]
[Site "Chess.com"]
[Date "2020.11.10"]
[Round "1"]
[White "FMJoseHerrera"]
[Black "emiliochess"]
[Result "1-0"]
[WhiteElo "2589"]
[BlackElo "2270"]
[TimeControl "180+1"]
[EndTime "10:04:08 PST"]
[Termination "FMJoseHerrera won by resignation"]

1. Nf3 d5 2. g3 Bf5 3. Bg2 e6 4.
d3 Nf6 5. O-O Be7 6. c4 c5 7.
cxd5 exd5 8. Nc3 Nc6 9. Qa4 O-O 10. e4 dxe4 11. dxe4 Bg6 12. Be3 a6 13. Rad1 Qc8 14. Rfe1 Re8 15. Nd5 Nxe4 16. Nb6 Qb8 17. Bf4 Nd6 18.
Nxa8 Qxa8 19. Bxd6 Bxd6 20. Rxd6 1-0

[Event "*** Titled Tuesday Blitz"]
[Site "Chess.com"]
[Date "2020.11.10"]
[Round "1"]
[White "arminmusovic"]
[Black "DonPreuss"]
[Result "1-0"]
[WhiteElo "2563"]
[BlackElo "2223"]
[TimeControl "180+1"]
[EndTime "10:04:08 PST"]
[Termination "arminmusovic won by resignation"]

1. a3 d5 2. Nc3 e5 3. d4 e4 4. Bf4 Bd6 5. Nxd5 Bxf4 6. Nxf4 Ne7 7. e3 O-O 8. Bc4 c6 9. Ba2 Nd5 10. Nge2 g5 11. Nh5 f5 12. c4 Nf6 13. Nxf6+ Qxf6 14. Ng3 Kh8 15. Qh5 Be6 16. h4 g4 17. Qg5 Qxg5 18.
hxg5 Kg7 19. Nh5+ Kg6 20. Nf4+ Kxg5 21. Nxe6+ 1-0

[Event "*** Titled Tuesday Blitz"]
[Site "Chess.com"]
[Date "2020.11.10"]
[Round "1"]
[White "GothamChess"]
[Black "UmarovSabir"]
[Result "1-0"]
[WhiteElo "2638"]
[BlackElo "2318"]
[TimeControl "180+1"]
[EndTime "10:04:16 PST"]
[Termination "GothamChess won on time"]

1. e4 g6 2. Bc4 Bg7 3. Qf3 e6 4.
d4 Bxd4 5. Ne2 Bg7 6. Nbc3 Ne7 7.
Bg5 O-O 8. O-O-O f6 9. Bf4 Kh8 10. h4 d6 11. h5 g5 12. h6 gxf4 13. hxg7+ Kxg7 14. Nxf4 e5 15. Rxh7+ Kxh7 16. Rh1+ 1-0

[Event "*** Titled Tuesday Blitz"]
[Site "Chess.com"]
[Date "2020.11.10"]
[Round "1"]
[White "Abdimalik_Abdisalimov"]
[Black "BanjoKazooieN64"]
[Result "1-0"]
[WhiteElo "2753"]
[BlackElo "2392"]
[TimeControl "180+1"]
[EndTime "10:04:17 PST"]
[Termination "Abdimalik_Abdisalimov won by resignation"]

1. d4 Nf6 2. c4 g6 3. f3 Bg7 4. e4 O-O 5. Nc3 d6 6. Nge2 e5 7. Bg5 h6 8. Bh4 g5 9. Bf2 Nc6 10. d5 Ne7 11. h4 g4 12. Ng3 h5 13. Be2 Ng6 14. Qd2 Nf4 15. Rg1 c6 16. O-O-O cxd5 17. cxd5 Bd7 18. Kb1 Rc8 19. Be3 b5 20. Bd3 b4 21. Nce2 Nxd3 22. Qxd3 Qa5 23. Rc1 Bb5 24. Qd2 Bc4 25. b3 Bb5 26. Nf5 Qa6 27. Neg3 Kh7 28. Nxg7 Kxg7 29. Bh6+ Kh7 30. Bxf8 Rxf8 31.
Nf5 Ng8 32. Qg5 1-0

[Event "*** Titled Tuesday Blitz"]
[Site "Chess.com"]
[Date "2020.11.10"]
[Round "1"]
[White "Neftegor"]
[Black "NefeLV"]
[Result "1-0"]
[WhiteElo "2477"]
[BlackElo "1762"]
[TimeControl "180+1"]
[EndTime "10:04:18 PST"]
[Termination "Neftegor won by resignation"]

1. d4 Nf6 2. c4 g6 3. Nc3 Bg7 4. e4 d6 5. Nf3 O-O 6. Be2 c5 7.
O-O cxd4 8. Nxd4 Nc6 9. Be3 Bd7 10. Nc2 Rc8 11. Qd2 Ne5 12. b3 a6 13. Rac1 Qa5 14. Nd5 Qd8 15. f3 Re8 16. Bb6 Nxd5 17. Bxd8 Rexd8 18. exd5 b5 19. f4 bxc4 20. fxe5 cxb3 21. axb3 Bxe5 22. Nb4 a5 23. Nc6 Re8 24. Nxe5 dxe5 25. Bc4 Kg7 26. Qxa5 Bf5 27. Qc3 f6 28. Qf3 Bd7 29. d6 exd6 30. Qxf6+ Kh6 31. Qxd6 Bf5 32. Rxf5 Rcd8 33. Qb6 1-0

[Event "*** Titled Tuesday Blitz"]
[Site "Chess.com"]
[Date "2020.11.10"]
[Round "1"]
[White "Skat2704"]
[Black "VerdeNotte"]
[Result "0-1"]
[WhiteElo "2439"]
[BlackElo "2872"]
[TimeControl "180+1"]
[EndTime "10:04:22 PST"]
[Termination "VerdeNotte won by resignation"]

1. d4 Nf6 2. c4 g6 3. Nf3 Bg7 4. Nc3 O-O 5. e4 d6 6. Be2 c5 7. d5 e5 8. O-O Kh8 9. Ne1 Qe7 10. Be3 Ng8 11. Qd2 f5 12. Bg5 Bf6 13. Bxf6+ Nxf6 14. f3 f4 15. Nd3 g5 16. h3 Nh5 17. b4 b6 18. bxc5 bxc5 19. Kf2 Ng3 20. Rfc1 g4 21. fxg4 Qh4 22. Kf3 Nf5 23. exf5 Qg3+ 24. Ke4 Bxf5+ 25. gxf5 Nd7 0-1

[Event "*** Titled Tuesday Blitz"]
[Site "Chess.com"]
[Date "2020.11.10"]
[Round "1"]
[White "ChessFrois"]
[Black "elisak43"]
[Result "0-1"]
[WhiteElo "2084"]
[BlackElo "2512"]
[TimeControl "180+1"]
[EndTime "10:04:24 PST"]
[Termination "elisak43 won by resignation"]

1. e4 Nf6 2. Nf3 Nxe4 3. d4 d5 4. Bd3 Bg4 5. h3 Bh5 6. g4 Bg6 7. Ne5 Nc6 8. Nxc6 bxc6 9. Bf4 e6 10. c3 Bd6 11. Be3 Qh4 12. Qf3 h5 13. Rg1 hxg4 14. hxg4 Ng5 15. Bxg5 Qxg5 16. Nd2 Bxd3 17. Qxd3 Kd7 18.
O-O-O Rh2 19. Kb1 Rxf2 20. Nb3 Qg6 21. Qxg6 fxg6 22. Rh1 Raf8 23. Rh7 R8f7 24. Kc1 Rg2 25. Re1 Rxg4 26. Rh8 Rgf4 27. Ra8 g5 28. Rxa7 g4 29.
Ra8 g3 30. Rg1 Rf1+ 31. Rxf1 Rxf1+ 0-1

[Event "*** Titled Tuesday Blitz"]
[Site "Chess.com"]
[Date "2020.11.10"]
[Round "1"]
[White "Zhigalko_Sergei"]
[Black "KacperPolOK"]
[Result "1-0"]
[WhiteElo "2927"]
[BlackElo "2458"]
[TimeControl "180+1"]
[EndTime "10:04:25 PST"]
[Termination "Zhigalko_Sergei won by resignation"]

1. e4 e6 2. d4 d5 3. e5 c5 4. c3 Nc6 5. Nf3 Bd7 6. Be2 f6 7. O-O fxe5 8. dxe5 Qc7 9. c4 d4 10. Re1 O-O-O 11. Bd3 g6 12. Na3 a6 13. Nc2 Nge7 14.
Ng5 Nxe5 15. Bf4 N7c6 16. Nf7 Bd6 17. Nxd6+ Qxd6 18. Qe2 Nf3+ 19. Qxf3 e5 20. Bg3 Rhf8 21. Qe2 Qf6 22. Be4 h5 23. Bxc6 Bxc6 24. Qxe5 1-0

[Event "*** Titled Tuesday Blitz"]
[Site "Chess.com"]
[Date "2020.11.10"]
[Round "1"]
[White "lolo9292"]
[Black "IngOscarArdila"]
[Result "1-0"]
[WhiteElo "2522"]
[BlackElo "2125"]
[TimeControl "180+1"]
[EndTime "10:04:33 PST"]
[Termination "lolo9292 won by resignation"]

1. d4 Nf6 2. c4 g6 3. f3 d6 4.
e4 Bg7 5. Nc3 Nbd7 6. Nge2 O-O 7. Be3 e5 8. d5 a5 9. g4 Nc5 10.
h4 Nfd7 11. h5 f5 12. hxg6 hxg6 13. gxf5 gxf5 14. Qc2 f4 15. Bf2 c6 16. O-O-O cxd5 17. Nxd5 Nb6 18. Nec3 Nxd5 19. Rxd5 Be6 20. Bxc5 Bxd5 21.
exd5 dxc5 22. Qh7+ Kf7 23. Ne4 Rh8 24. Qf5+ Kg8 25. Qe6+ Kf8 26. Rxh8+ Bxh8 27. Bd3 Qe7 28. Qf5+ Qf7 29. Qh3 Bg7 30. Ng5 Qg8 31. Qd7 Re8 32.
Nh7+ 1-0